 Dungeon Crawl Stone Soup version bcrawl-1.28 (webtiles) character file.

Game seed: 5880095930157405943

131811 pasperui the Stinger (level 2, 0/25 HPs)
             Began as a Naga Venom Mage on Dec 8, 2020.
             Killed from afar by a dart slug (1 damage)
             ... with a slug dart
             ... on level 1 of the Dungeon.
             The game lasted 00:02:11 (440 turns).

pasperui the Stinger (Naga Venom Mage)               Turns: 440, Time: 00:02:11

Health: 0/25       AC:  1    Str: 10    XL:     2   Next: 91%
Magic:  5/5        EV: 10    Int: 15    God:
Gold:   56         SH:  0    Dex: 11    Spells: 4/5 levels left

rFire    . . .     SeeInvis +   g - -1 dagger (curse)
rCold    . . .     Gourm    .   (no shield)
rNeg     . . .     Faith    .   a - +0 robe
rPois    +         Spirit   .   (no helmet)
rElec    .         Reflect  .   (no cloak)
rCorr    .         Harm     .   (no gloves)
MR       .....                  (no barding)
Stlth    ++........             (no amulet)
HPRegen  0.08/turn              (no ring)
MPRegen  0.09/turn              (no ring)

@: very slow
A: large, see invisible, deformed body, poison resistance, slowness 2, slow
metabolism 1, spit poison 1, AC +0
a: Spit Poison


You were on level 1 of the Dungeon.
You were not hungry.

You visited 1 branch of the dungeon, and saw 1 of its levels.

You collected 56 gold pieces.

Inventory:

Hand Weapons
 g - a cursed -1 dagger (weapon)
Missiles
 h - 307 arrows
Armour
 a - a +0 robe (worn)
Scrolls
 f - 2 scrolls of teleportation {unknown}
 i - a scroll of fog {unknown}
 j - 5 scrolls of identify
Potions
 c - a potion of berserk rage
 d - a potion of degeneration
Comestibles
 b - a chunk of flesh
 e - 3 rations {!d}


   Skills:
 * Level 1.1 Fighting
 - Level 1.5 Dodging
 - Level 3.2 Stealth
 - Level 2.0 Spellcasting
 - Level 1.0 Conjurations
 - Level 5.0 Poison Magic


You had 4 spell levels left.
You knew the following spells:

 Your Spells              Type           Power        Failure   Level  Hunger
a - Sting                 Conj/Pois      ##..         6%          1    None

Your spell library contained the following spells:

 Spells                   Type           Power        Failure   Level  Hunger
 Poisonous Vapours        Pois/Air       #.....       12%         2    ##.....
 Olgreb's Toxic Radiance  Pois           ###......    28%         4    ######.
 Ignite Poison            Fire/Tmut/Pois #.......     32%         3    ####...
 Summon Scorpions         Summ/Pois      #.......     61%         4    ######.
 Venom Bolt               Conj/Pois      ##........   87%         5    #######


Dungeon Overview and Level Annotations

Branches:
Dungeon (1/12)

Altars:


Innate Abilities, Weirdness & Mutations

You cannot wear boots.
Your serpentine skin is tough. (AC +0)
You have supernaturally acute eyesight. (SInv)
Armour fits poorly on your strangely shaped body.
Your system is resistant to poisons. (rPois)
You cover ground very slowly.
You have a slow metabolism.
You can spit poison.


Message History

The dart slug is heavily wounded.
You hit the dart slug.
The dart slug is almost dead.
The dart slug closely misses you.
You hit the dart slug but do no damage.
The dart slug is almost dead.
The dart slug launches a dart at you. The slug dart misses you.
You hit the dart slug but do no damage.
The dart slug is almost dead.
You hit the dart slug but do no damage.
The dart slug is almost dead.
The dart slug launches a dart at you. The slug dart hits you.
* * * LOW HITPOINT WARNING * * *
You hit the dart slug but do no damage.
The dart slug is almost dead.
The dart slug launches a dart at you. The slug dart hits you.
You die...

.. ..# ##.###### #.# #....
..### ##.# ###..# #... ..#
##....####..# #.#
#.......##..# #.########
#..#.##.##..######.........
...#.##.........@w.........
...#..........####.########
........###...# #.#
.....##.###...# #.#
.#............# #?#
.#......#.....# #.##
.#.........#..# ...###
[#.....#....... .....
.#.........#.. ...


You could see a dart slug.

Vanquished Creatures
  A dart slug (D:1)
  A leopard gecko (D:1)
  A bat (D:1)
  2 giant cockroaches (D:1)
  A goblin (D:1)
  3 hobgoblins (D:1)
  3 jackals (D:1)
  A frilled lizard (D:1)
  A kobold (D:1)
  3 rats (D:1)
17 creatures vanquished.

Notes
Turn   | Place    | Note
-------+----------+-------------------------------------------
     0 | D:1      | pasperui the Naga Venom Mage began the quest for the Orb.
     0 | D:1      | Reached XP level 1. HP: 15/15 MP: 3/3
    30 | D:1      | Reached XP level 2. HP: 17/22 MP: 0/5
   169 | D:1      | Reached skill level 5 in Poison Magic
   372 | D:1      | Reached skill level 1 in Fighting
   439 | D:1      | HP: 1/25 [dart slug/slug dart (6)]
   440 | D:1      | Killed from afar by a dart slug

Skill      XL: |  1  2 |
---------------+-------+-----
Poison Magic   | 5 |  5.0
Fighting       | 1 |  1.1
Dodging        | |  1.5
Stealth        | |  3.2
Spellcasting   | |  2.0
Conjurations   | |  1.0

Action                   || total
-------------------------++-------
Melee: Unarmed           ||     8
       Dagger            ||    26
 Cast: Sting             ||    21
 Abil: Spit Poison       ||     5
 Stab: Sleeping          ||     1
Armor: Robe              ||     8
Dodge: Dodged            ||    23
